AoeStats
← Zoltub

Arena

507878684Analyzed
1v1 RM · 11d ago on Sep 20, 2026· 38m 20s· 2 players
Game mode
Random Map
Map size
Tiny (2 player)
Population
200
Speed
Normal
Resources
Standard
Victory
Conquest
Starting age
Dark Age
Ending age
Imperial Age
RankedLock teamsTeams togetherTeam positionsShared explorationLock speedFull tech treeHidden civsTurbo modeCheats
Victory
Defeat
🇧🇷 Khitans · Brazil
935
+15
🇺🇸 Cumans · United States
916
-15
Zoltub
10:04 Feudal Age
10:51 Loom
11:43 Wheelbarrow
11:57 Horse Collar
14:02 Man-at-Arms
15:45 Double-Bit Axe
15:53 Gold Mining
16:48 Forging
23:18 Castle Age
25:00 Hand Cart
25:07 Hand Cart
25:04 Pikeman
29:19 Imperial Age
27:41 Bow Saw
27:34 Heavy Plow
28:10 Gold Shaft Mining
29:01 Crossbowman
31:47 Crop Rotation
32:36 Thumb Ring
32:25 Fletching
32:37 Padded Archer Armor
35:08 Chemistry
34:29 Ballistics
35:12 Bodkin Arrow
35:33 Leather Archer Armor
36:35 Cavalier
[LQE]Sun Tzu
0:29 Loom
11:24 Feudal Age
17:18 Castle Age
15:36 Double-Bit Axe
17:14 Domestication
22:54 Scale Mail Armor
24:53 Gold Mining
25:50 Wheelbarrow
30:24 Imperial Age
28:08 Pastoralism
30:15 Lamellar Armor
30:49 Forging
30:54 Chain Mail Armor
31:31 Conscription
31:31 Elite Liao Dao
33:07 Iron Casting
33:15 Plate Mail Armor
36:42 Squires
Connection lost

Rejoining the realm…

Still unreachable

The connection could not be restored.

Session expired

The server has moved on; the page needs a fresh start.